 Dungeon Crawl Stone Soup version 0.23-a0-402-g64599a1 (webtiles) character file.

5989 MisterFreud the Grappler (level 10, -6/92 HPs)
             Began as a Troll Hunter on Nov 4, 2018.
             Was an Initiate of Ru.
             Mangled by a spiny frog (23 damage)
             ... on level 1 of the Lair of Beasts.
             The game lasted 00:16:30 (7160 turns).

MisterFreud the Grappler (Troll Hunter)             Turns: 7160, Time: 00:16:31

Health: -6/92      AC:  7    Str: 25    XL:     10   Next: 55%
Magic:  9/9        EV: 12    Int:  7    God:    Ru [......]
Gold:   585        SH:  0    Dex: 10    Spells: 9/9 levels left

rFire    . . .     SeeInvis .     - Unarmed
rCold    . . .     Gourm    +   (no shield)
rNeg     . . .     Faith    .   b - +0 robe
rPois    +         Spirit   .   (helmet restricted)
rElec    .         Reflect  .   y - +1 cloak
rCorr    .         Harm     .   (gloves unavailable)
MR       +....                  (boots unavailable)
Stlth    +.........             n - amulet of the acrobat
HPRegen  0.65/turn              S - ring of poison resistance
MPRegen  0.11/turn              q - ring of protection from magic

@: no status effects
A: large, unfitting armour, claws 3, fast metabolism 3, gourmand, regeneration
1, shaggy fur 1, tough skin 2
a: Sacrifice Artifice, Sacrifice Skill, Sacrifice Nimbleness, Reject Sacrifices,
Renounce Religion


You were on level 1 of the Lair of Beasts.
You worshipped Ru.
Ru was noncommittal.
You were hungry.

You visited 3 branches of the dungeon, and saw 11 of its levels.
You also visited: Ossuary.

You collected 585 gold pieces.

Inventory:

Missiles
 c - 3 large rocks (quivered)
 d - 2 throwing nets
 i - 14 tomahawks
 p - 351 stones
 R - 13 poisoned needles
Armour
 b - a +0 robe (worn)
 y - a +1 cloak (worn)
Jewellery
 j - an uncursed ring of protection from cold
 n - an amulet of the acrobat (around neck)
 q - a ring of protection from magic (right claw)
 C - an uncursed ring of resist corrosion
 P - an uncursed amulet of the gourmand {unknown}
 S - a ring of poison resistance (left claw)
Wands
 h - a wand of flame (40)
 k - a wand of enslavement (5)
 w - a wand of polymorph (7)
 H - a wand of clouds (7)
 K - a wand of iceblast (6)
 O - a wand of random effects (41)
 Q - a wand of digging (6)
Scrolls
 e - 3 scrolls of amnesia
 g - 2 scrolls of random uselessness {unknown}
 m - a scroll of enchant weapon
 u - 9 scrolls of teleportation
 z - 3 scrolls of enchant armour
 A - 6 scrolls of remove curse
 E - a scroll of blinking
 G - a scroll of immolation {unknown}
 M - a scroll of fear {unknown}
 N - a scroll of vulnerability {unknown}
Potions
 a - 3 potions of curing
 l - a potion of magic
 o - 2 potions of berserk rage
 r - 2 potions of brilliance
 s - 3 potions of degeneration {unknown}
 t - 2 potions of heal wounds
 v - 2 potions of resistance
 x - a potion of mutation {unknown}
 B - 2 potions of lignification
 D - 2 potions of invisibility
 F - a potion of ambrosia {unknown}
 J - a potion of haste
 L - a potion of might {unknown}
Comestibles
 f - 15 rations


   Skills:
 + Level 4.1 Fighting
 - Level 6.1 Throwing
 - Level 6.2 Dodging
 - Level 0.3 Stealth
 - Level 12.1 Unarmed Combat


You had 9 spell levels left.
You didn't know any spells.
Your spell library contained the following spells:

 Spells                   Type           Power        Failure   Level  Hunger
 Beastly Appendage        Tmut           #.....       43%         1    ##.....
 Sticks to Snakes         Tmut           #.......     56%         2    ###....
 Spider Form              Tmut/Pois      #.........   80%         3    ####...
 Ice Form                 Ice/Tmut       #.......     99%         4    #####..
 Blade Hands              Tmut           #.........   100%        5    ######.


Dungeon Overview and Level Annotations

Branches:
Dungeon (9/15)             Temple (1/1) D:6            Lair (1/6) D:8
    Orc: D:9-12

Altars:
Cheibriados
Dithmenos
Elyvilon
Fedhas
Gozag
Hepliaklqana
Kikubaaqudgha
Makhleb
Nemelex Xobeh
Okawaru
Qazlal
Ru
Uskayaw
Vehumet
Wu Jian
Yredelemnul
Zin
The Shining One


Innate Abilities, Weirdness & Mutations

You are too large for most types of armour.
You have claws for hands.
Your metabolism is lightning-fast.
You like to eat raw meat.
Your natural rate of healing is unusually fast.
You are covered in fur. (AC +1)
You have very tough skin. (AC +2)


Message History

You scratch the spiny frog but do no damage.
The spiny frog is lightly wounded.
The spiny frog closely misses you.
You closely miss the spiny frog. The spiny frog stings you!!
You scratch the spiny frog.
The spiny frog is lightly wounded.
The spiny frog stings you!
* * * LOW HITPOINT WARNING * * *
You barely miss the spiny frog.
The spiny frog is lightly wounded.
The spiny frog barely misses you.
Throwing (i - inventory. (/) - cycle)
c - 4 large rocks (quivered)
Press: ? - help, Shift-Dir - straight line, f - spiny frog
Aim: a spiny frog (lightly wounded)
You throw a large rock.
The large rock barely misses the spiny frog.
The spiny frog stings you!
* * * LOW HITPOINT WARNING * * *
The spiny frog stings you!!
You die...

...##..##..#
#...##...........#
#......##..#
##..##..P#......#.
#..#...##..#
##..#....#.......[
#..#...##..#
#....#.. #......##
#..##..# ..#
#...## # ... #
.......# # ##..#
..# .. # ...##..#
#. ##..#...# P..#
..##..#P...#..# ..
......†@........
......F..)......
#############.#.#
## #


You could see a spiny frog.

Vanquished Creatures
  An elephant (D:8)
  Joseph (D:7)
  2 spiny frogs (Lair:1)
  3 blink frogs (Lair:1)
  A hippogriff (Lair:1)
  A yak (D:8)
  A basilisk (D:8)
  A hungry ghost (D:8)
  Menkaure (D:4)
  3 water moccasins (Lair:1)
  3 porcupines (Lair:1)
  2 orc warriors
  An ice beast (D:3)
  2 sky beasts (D:8)
  A phantom (D:7)
  A centaur (D:8)
  A crocodile (D:8)
  2 bullfrogs
  2 elf skeletons (D:4)
  A water moccasin zombie (D:7)
  4 killer bees (D:8)
  4 wights (D:7)
  6 centaur zombies
  2 crimson imps
  Crazy Yiuf (D:3)
  5 hounds
  3 human zombies (D:4)
  3 orc wizards
  2 jellies
  Ijyb (D:4)
  9 worker ants
  Natasha (twice) (D:4)
  3 human skeletons (D:4)
  A big kobold zombie (Ossuary)
  7 mummies (Ossuary)
  A hound skeleton (D:5)
  3 worker ant zombies
  Robin (D:3)
  7 gnolls
  A howler monkey skeleton (D:7)
  13 adders
  A shadow imp (D:7)
  An ooze (D:4)
  4 adder zombies (Ossuary)
  An adder skeleton (D:4)
  3 worms
  4 leopard geckos
  18 orcs
  A ball python (D:1)
  4 bats
  4 giant cockroaches
  18 goblins
  9 hobgoblins
  11 jackals
  6 kobolds
  3 quokkas
  6 frilled lizards
  3 goblin zombies (Ossuary)
  2 hobgoblin zombies (Ossuary)
  3 kobold zombies (Ossuary)
  2 orc skeletons (D:4)
  2 orc zombies
  A quokka skeleton (D:4)
  7 quokka zombies (Ossuary)
  10 rats
  4 rat zombies (Ossuary)
238 creatures vanquished.

Vanquished Creatures (others)
  A human (D:5)
  A killer bee (D:8)
2 creatures vanquished.

Grand Total: 240 creatures vanquished

Notes
Turn   | Place    | Note
-------+----------+-------------------------------------------
     0 | D:1      | MisterFreud the Troll Hunter began the quest for the Orb.
     0 | D:1      | Reached XP level 1. HP: 19/19 MP: 0/0
    95 | D:1      | Reached skill level 1 in Unarmed Combat
   128 | D:1      | Reached XP level 2. HP: 27/27 MP: 1/1
   158 | D:1      | Reached skill level 2 in Unarmed Combat
   425 | D:2      | Found a hazy altar of Hepliaklqana.
   483 | D:2      | Found a stormy altar of Qazlal.
   492 | D:2      | Reached XP level 3. HP: 33/33 MP: 2/2
   518 | D:2      | Reached skill level 3 in Unarmed Combat
   706 | D:2      | Reached XP level 4. HP: 41/41 MP: 3/3
   783 | D:2      | Reached skill level 4 in Unarmed Combat
  1224 | D:3      | Reached XP level 5. HP: 46/48 MP: 4/4
  1237 | D:3      | Noticed an ice beast
  1254 | D:3      | Killed an ice beast
  1254 | D:3      | Reached skill level 5 in Unarmed Combat
  1358 | D:3      | Noticed Robin
  1373 | D:3      | Killed Robin
  1399 | D:3      | Found a burning altar of Makhleb.
  1439 | D:3      | Reached XP level 6. HP: 51/55 MP: 5/5
  1468 | D:3      | Found a runed door.
  1664 | D:3      | Reached skill level 6 in Unarmed Combat
  2163 | D:3      | Noticed Crazy Yiuf
  2171 | D:3      | Killed Crazy Yiuf
  2407 | D:4      | Found Xyerah's Armour Shoppe.
  2422 | D:4      | Noticed Ijyb
  2436 | D:4      | Killed Ijyb
  2436 | D:4      | Reached skill level 7 in Unarmed Combat
  2457 | D:4      | Found an ornate altar of the Wu Jian Council.
  2457 | D:4      | Noticed Natasha
  2464 | D:4      | Killed Natasha
  2496 | D:4      | Reached XP level 7. HP: 58/62 MP: 6/6
  2504 | D:4      | Noticed Menkaure
  2523 | D:4      | Killed Menkaure
  2571 | D:4      | Reached skill level 8 in Unarmed Combat
  2606 | D:4      | Noticed Natasha
  2609 | D:4      | Killed Natasha
  2664 | D:4      | Found a sand-covered staircase.
  2677 | Ossuary  | Entered an ossuary
  2956 | Ossuary  | Reached XP level 8. HP: 64/70 MP: 7/7
  3213 | D:4      | Reached skill level 5 in Dodging
  3441 | D:5      | Entered Level 5 of the Dungeon
  3450 | D:5      | Found an ancient bone altar of Kikubaaqudgha.
  3809 | D:5      | Found an opulent altar of Gozag.
  4058 | D:5      | Found an ancient bone altar of Kikubaaqudgha.
  4194 | D:6      | Found a staircase to the Ecumenical Temple.
  4202 | Temple   | Entered the Ecumenical Temple
  4569 | D:6      | Found a white marble altar of Elyvilon.
  4933 | D:7      | Reached skill level 5 in Throwing
  5021 | D:7      | You fall through a shaft!
  5021 | D:8      | Found a staircase to the Lair.
  5021 | D:8      | Found a hide-covered altar of Uskayaw.
  5021 | D:8      | Noticed an elephant
  5044 | D:8      | Killed an elephant
  5044 | D:8      | Reached XP level 9. HP: 45/76 MP: 8/8
  5094 | D:8      | Reached skill level 9 in Unarmed Combat
  5368 | D:8      | Found a sacrificial altar of Ru.
  5380 | D:8      | Became a worshipper of Ru the Awakened
  5457 | D:8      | Reached skill level 10 in Unarmed Combat
  5512 | Lair:1   | Entered Level 1 of the Lair of Beasts
  6124 | D:7      | Noticed Joseph
  6139 | D:7      | Killed Joseph
  6139 | D:7      | Reached skill level 11 in Unarmed Combat
  6139 | D:7      | Reached XP level 10. HP: 69/85 MP: 9/9
  6675 | D:9      | Noticed a two-headed ogre
  6750 | Lair:1   | Noticed a spiny frog
  6762 | Lair:1   | Killed a spiny frog
  6819 | Lair:1   | Reached skill level 12 in Unarmed Combat
  6893 | Lair:1   | Noticed a spiny frog
  6900 | Lair:1   | Killed a spiny frog
  7142 | Lair:1   | Noticed a spiny frog
  7160 | Lair:1   | Mangled by a spiny frog

Vault maps used:
D:1:      lemuel_arrival_rhombus
D:2:      marbit_many_paths, minivault_25, grunt_qazlal_sundering
D:3:      bloody_makhleb, uniq_crazy_yiuf_cottage, uniq_robin
D:4:      lemuel_round_altar, serial_shops,
          nicolae_shop_temple_entry_statues_fountains,
          nicolae_ossuary_entry_catacombs, uniq_natasha, uniq_ijyb,
          uniq_menkaure
D:5:      nicolae_overflow_crystal_walls,
          nicolae_gozag_cash_rules_everything_around_me, lightli_temple_of_fire,
          first_ration, corexii_leaking_fountain, tgw_kikubaaqudgha
D:6:      cheibrodos_quashed, minmay_temple_entry_glass,
          minmay_misc_feat_hallway, elyvilon_altar_5
D:7:      uniq_joseph
D:8:      lemuel_crystal_altar, lemuel_round_altar, david_lair_generic
D:9:      brannock_xom_greatest_gift, led_sif_book,
          gammafunk_temple_overflow_wave
Temple:   jpeg_temple_island
Lair:1:   portal_ice_cave_demonic_guard, nicolae_quartered_pool_little
Ossuary:  ossuary_boxes_badplayer

Skill      XL: |  1  2  3  4  5  6  7  8  9 10 |
---------------+-------------------------------+-----
Unarmed Combat | 1 2 3 4 5 7 8 11 12 | 12.1
Dodging        | 3 6 |  6.2
Throwing       | 6 |  6.1
Fighting       | 4 |  4.1
Stealth        | |  0.3

Action                   |  1- 3 |  4- 6 |  7- 9 | 10-12 || total
-------------------------+-------+-------+-------+-------++-------
Melee: Unarmed           |    78 |   177 |   447 |    87 ||   789
       Punch             |     1 |     4 |    15 |     3 ||    23
Throw: Large rock        |       |     1 |     3 |     1 ||     5
Evoke: Wand              |       |       |     1 |       ||     1
  Use: Scroll            |       |     6 |     8 |       ||    14
 Stab: Sleeping          |     2 |     2 |     5 |       ||     9
       Distracted        |       |     1 |       |       ||     1
  Eat: Chunk             |    11 |    17 |    30 |     7 ||    65
       Ration            |       |       |     1 |       ||     1
Armor: Robe              |    31 |    37 |   107 |     8 ||   183
Dodge: Dodged            |    45 |    85 |   214 |    59 ||   403

Table legend:
 A = Non-vault XP
 B = Vault XP
 C = Vault XP percentage of total XP
 D = Non-vault monster count
 E = Vault monster count
 F = Vault count percentage of total count
                 A         B        C        D         E       F
            +---------+---------+-------+---------+---------+-------
      Total |    5973 |    2583 |  30.2 |     168 |      70 |  29.4
            +---------+---------+-------+---------+---------+-------
        D:1 |      25 |       0 |   0.0 |      16 |       0 |   0.0
        D:2 |     145 |      13 |   8.2 |      28 |       1 |   3.4
        D:3 |     201 |      81 |  28.7 |      21 |      13 |  38.2
        D:4 |     323 |     660 |  67.1 |      27 |      14 |  34.1
        D:5 |      72 |       0 |   0.0 |       3 |       0 |   0.0
        D:6 |     553 |       0 |   0.0 |      19 |       0 |   0.0
        D:7 |     704 |     430 |  37.9 |      15 |       1 |   6.2
        D:8 |    1231 |     971 |  44.1 |      27 |       4 |  12.9
     Lair:1 |    2719 |       0 |   0.0 |      12 |       0 |   0.0
    Ossuary |       0 |     428 | 100.0 |       0 |      37 | 100.0
            +---------+---------+-------+---------+---------+-------
